 Dungeon Crawl Stone Soup version 0.26-a0-540-g8a0c9464d7 (webtiles) character file.

Game seed: 15987682012343396239

238 Lanoc the Firebug (level 5, -9/21 HPs)
             Began as a Felid Fire Elementalist on Aug 15, 2020.
             Was an Initiate of Sif Muna.
             Mangled by a wight
             ... wielding a cursed +0 battleaxe
              (13 damage)
             ... on level 7 of the Dungeon.
             The game lasted 00:09:19 (5434 turns).

Lanoc the Firebug (Felid Fire Elementalist)         Turns: 5434, Time: 00:09:20

Health: -9/21      AC:  2    Str:  6    XL:     5   Next: 78%
Magic:  9/9        EV: 23    Int: 19    God:    Sif Muna [......]
Gold:   287        SH:  0    Dex: 18    Spells: 7/8 levels left
                                        Lives:  0   Deaths: 2

rFire    . . .     SeeInvis +   (weapon unavailable)
rCold    . . .     Faith    .   (shield unavailable)
rNeg     . . .     Spirit   .   (armour unavailable)
rPois    .         Reflect  .   (helmet unavailable)
rElec    .         Harm     .   (cloak unavailable)
rCorr    .                      (gloves unavailable)
MR       .....                  (boots unavailable)
Stlth    +++.......             (no amulet)
HPRegen  0.07/turn              (no ring)
MPRegen  0.11/turn              (no ring)

@: quick
A: very small, no armour, no weapons or thrown items, stealth, claws 1, fangs 3,
thin skeletal structure 1, see invisible, speed 1, shaggy fur 2, strong 1, sharp
paws
a: Renounce Religion


You were on level 7 of the Dungeon.
You worshipped Sif Muna.
Sif Muna was noncommittal.
You visited 1 branch of the dungeon, and saw 5 of its levels.

You collected 287 gold pieces.

Inventory:

Wands
 a - a wand of digging (7)
 h - a wand of iceblast (8)
Scrolls
 b - 2 scrolls of remove curse {unknown}
 c - a scroll of fog
 d - 5 scrolls of identify
 e - a scroll of enchant armour {unknown}
 f - 2 scrolls of teleportation {unknown}
 j - 2 scrolls of magic mapping {unknown}
 k - a scroll of fear {unknown}
Potions
 i - a potion of resistance


   Skills:
 + Level 6.8 Dodging
 - Level 2.6 Stealth
 - Level 2.0 Spellcasting
 - Level 0.8 Conjurations
 * Level 6.9 Fire Magic


You had 7 spell levels left.
You knew the following spells:

 Your Spells              Type           Power        Failure   Level
a - Foxfire               Conj/Fire      ###.         3%          1

Your spell library contained the following spells:

 Spells                   Type           Power        Failure   Level
 Conjure Flame            Conj/Fire      ###.....     11%         3
 Inner Flame              Hex/Fire       ###.....     12%         3
 Animate Skeleton         Necr           #.....       17%         1
 Apportation              Tloc           #.....       17%         1
 Corona                   Hex            #......      17%         1
 Summon Small Mammal      Summ           #...         17%         1
 Sticky Flame             Conj/Fire      ###.....     34%         4
 Fireball                 Conj/Fire      ###.......   67%         5


Dungeon Overview and Level Annotations

Branches:
Dungeon (4/15)
 Temple: D:4-7

Altars:
Cheibriados
Kikubaaqudgha
Nemelex Xobeh
Sif Muna


Innate Abilities, Weirdness & Mutations

You cannot wear armour.
You are incapable of wielding weapons or throwing items.
Your paws allow you to move quietly. (Stealth)
You have sharp claws.
You have razor-sharp teeth.
You have supernaturally acute eyesight. (SInv)
You cover ground quickly.
You are covered in thick fur. (AC +2)
Your sharp claws are effective at attacking unaware monsters.
You have a somewhat thin skeletal structure. (Dex +2, Stealth)
Your muscles are strong. (Str +2)


Message History

The killer bee closely misses you. The killer bee stings you!
You are now level 5!
You rejoin the land of the living...
Unknown command.
Found an escape hatch in the floor.
You now have 287 gold pieces (gained 6).
The wight hits you with a cursed +0 battleaxe!
Ouch! That really hurt!
The killer bee misses you.
You closely miss the killer bee.
The killer bee is lightly wounded.
The killer bee stings you.
* * * LOW HITPOINT WARNING * * *
The wight completely misses you. The killer bee completely misses you.
You closely miss the wight. You bite the wight.
The wight is severely damaged.
The killer bee stings you but does no damage.
The wight hits you with a cursed +0 battleaxe!
Ouch! That really hurt!
You die...

#.................#
##.............)....
#......(............#
#......(.............
#.......(......[......
....##......#####.....
..# ##.....# ## .
##..y.# ##.(z@##
#...#..##
##..##...######
..######..###.........
.......†.###.........
...#....####.....#...
#...####......#...
###.###..>....# ..#
..#.........# .#


You could see a killer bee and a wight.

Vanquished Creatures
  An ogre (D:4)
  A centaur (D:7)
  2 big kobolds (D:3)
  A scorpion (D:4)
  A killer bee (D:7)
  A bullfrog skeleton (D:4)
  2 worker ants (D:4)
  11 gnolls (D:3)
  6 adders
  An adder skeleton (D:3)
  2 dart slugs (D:2)
  5 leopard geckos
  An orc (D:4)
  6 bats
  4 giant cockroaches
  26 goblins
  33 hobgoblins
  7 jackals
  A quokka (D:2)
  2 ball pythons
  4 frilled lizards
  12 kobolds
  7 rats
137 creatures vanquished.

Vanquished Creatures (others)
  532 foxfires
532 creatures vanquished.

Grand Total: 669 creatures vanquished

Notes
Turn   | Place    | Note
-------+----------+-------------------------------------------
     0 | D:1      | Lanoc the Felid Fire Elementalist began the quest for the
                  | Orb.
     0 | D:1      | Reached XP level 1. HP: 7/7 MP: 4/4
   237 | D:1      | Reached XP level 2. HP: 11/11 MP: 6/6
   359 | D:2      | Found a snail-covered altar of Cheibriados.
   602 | D:2      | Reached XP level 3. HP: 14/14 MP: 4/7
  1524 | D:2      | Reached XP level 4. HP: 18/18 MP: 0/8
  2899 | D:3      | Noticed a big kobold
  2899 | D:3      | Noticed a big kobold
  2907 | D:3      | Reached XP level 5. HP: 21/21 MP: 4/9
  3110 | D:3      | Reached skill level 5 in Dodging
  3110 | D:3      | Reached skill level 5 in Fire Magic
  3389 | D:3      | Gained mutation: You are covered in thick fur. (AC +2)
                  | [Felid growth]
  3389 | D:3      | Reached XP level 6. HP: 7/24 MP: 4/10
  4816 | D:4      | Reached XP level 7. HP: 27/27 MP: 5/11
  5033 | D:4      | Found a sparkling altar of Nemelex Xobeh.
  5038 | D:4      | Found a shimmering blue altar of Sif Muna.
  5039 | D:4      | Found an ancient bone altar of Kikubaaqudgha.
  5055 | D:4      | Became a worshipper of Sif Muna the Loreminder
  5302 | D:4      | You fall into a shaft and drop 3 floors!
  5309 | D:7      | Gained mutation: Your muscles are strong. (Str +2) [potion
                  | of mutation]
  5309 | D:7      | Gained mutation: You have a somewhat thin skeletal
                  | structure. (Dex +2, Stealth) [potion of mutation]
  5309 | D:7      | Slain by a killer bee
  5310 | D:7      | Reached XP level 6. HP: -2/36 MP: 10/10
  5418 | D:7      | Slain by a killer bee
  5419 | D:7      | Reached XP level 5. HP: -1/21 MP: 1/9
  5434 | D:7      | Mangled by a wight

Illustrated notes

Levels and vault maps discovered:
D:1:      psy_arrival_terrarium, layout_rooms, chequers_serial_rivers_large_b,
          minmay_door_square
D:2:      layout_basic, lemuel_doored_altar, minmay_fractal_squares_5
D:3:      minmay_goblin_kobold_castle, layout_basic
D:4:      layout_rooms, okawaru_altar_gauntlet_db, grunt_temple_overflow_open
D:7:      layout_layer_cave, minmay_temple_entry_junction_2,
          kennysheep_generic_room_14

Skill      XL: |  1  2  3  4  5  6 |
---------------+-------------------+-----
Dodging        | 3 4 5 6 |  6.8
Fire Magic     | 3 4 5 6 |  6.9
Stealth        | |  2.6
Spellcasting   | |  2.0
Conjurations   | |  0.8

Action                   |  1- 3 |  4- 6 |  7- 9 || total
-------------------------+-------+-------+-------++-------
Melee: Unarmed           |    19 |    53 |     2 ||    74
       Bite              |       |     5 |       ||     5
 Cast: Foxfire           |    62 |   220 |    28 ||   310
  Use: Scroll            |       |       |     2 ||     2
       Potion            |       |       |     2 ||     2
 Stab: Sleeping          |     3 |     5 |       ||     8
Armor: Skin              |     4 |     3 |    13 ||    20
Dodge: Dodged            |    42 |   152 |    20 ||   214

Table legend: (Time is in decaauts)
 A = Elapsed time spent in this place.
 B = Non-inter-level travel time spent in this place.
 C = Inter-level travel time spent in this place.
 D = Time resting spent in this place.
 E = Time spent auto-exploring this place.
 F = Levels seen in this place.
 G = Mean time per level.
                   A        B        C        D        E       F      G
               +--------+--------+--------+--------+--------+-----+--------+
         Total |   4981 |   4913 |     68 |    111 |   3895 |   5 |  996.2 |
       Dungeon |   4981 |   4913 |     68 |    111 |   3895 |   5 |  996.2 |
               +--------+--------+--------+--------+--------+-----+--------+

Top non-repeatable levels by time:
     D:3: 2485 daAuts
     D:2: 1464 daAuts
     D:4: 665 daAuts
     D:1: 247 daAuts
     D:7: 119 daAuts
